Workbook

Sheet DADOS GERAIS
B2: DADOS GERAIS
B8: Secretaria de Atenção Especializada à Saúde
B9: =C15 -> Centro Especializado em Reabilitação - Área Construída: 2616,51 m²
B11: Bancos:
B12: SINAPI (08/2025) - CPOS/CDHU (06/2025) - SBC (09/2025) - ORSE (06/2025) - IOPES (05/2025) - EMOP (08/2025) - SETOP (04/2025) - SEINFRA (028) - AGETOP CIVIL (06/2025) - FDE (04/2025) - SICRO3 (04/2025) - SIURB (01/2025) - AGESUL (06/2025)
B15: Obra: | C15: ="Centro Especializado em Reabilitação - Área Construída: "&C21&" m²" -> Centro Especializado em Reabilitação - Área Construída: 2616,51 m²
B16: Local: | C16: Ministério da Saúde - Departamento de Atenção Especializada e Temática
B17: Região: | C17: RS
B18: Data Base: | C18: 46023
B19: BDI Geral (%): | C19: =BDI!E36 -> 0.25218937
B20: BDI Equipamentos (%): | C20: =BDI!F36 -> 0.16784946
B21: Área construída (m²): | C21: 2616.51
B22: Data: | C22: 13/02/2026
B23: Revisão: | C23: GPPE01
B24: Responsável Técnico pelo Orçamento: | C24: Guilherme Valente Elias
B25: Cargo Responsável Técnico: | C25: Arquiteto e Urbanista - CAU A58.150-0
B31: ________________________________________________________________________________
B32: =C24 -> Guilherme Valente Elias
B33: =C25 -> Arquiteto e Urbanista - CAU A58.150-0

Sheet BDI
B2: BONIFICAÇÕES E DESPESAS INDIRETAS
B8: ='DADOS GERAIS'!B8 -> Secretaria de Atenção Especializada à Saúde | D8: BDI Geral: | E8: Encargo Social Mensalista: | F8: ='DADOS GERAIS'!$B$22 -> Data:
B9: ='DADOS GERAIS'!B9 -> Centro Especializado em Reabilitação - Área Construída: 2616,51 m² | D9: ='DADOS GERAIS'!C19 -> 0.25218937 | E9: ='ENCARGOS SOCIAIS'!F56 -> 0.5667 | F9: ='DADOS GERAIS'!$C$22 -> 13/02/2026
B11: ='DADOS GERAIS'!B11 -> Bancos: | D11: BDI Equipamentos: | E11: Encargo Social Horista: | F11: ='DADOS GERAIS'!$B$23 -> Revisão:
B12: ='DADOS GERAIS'!B12 -> SINAPI (08/2025) - CPOS/CDHU (06/2025) - SBC (09/2025) - ORSE (06/2025) - IOPES (05/2025) - EMOP (08/2025) - SETOP (04/2025) - SEINFRA (028) - AGETOP CIVIL (06/2025) - FDE (04/2025) - SICRO3 (04/2025) - SIURB (01/2025) - AGESUL (06/2025) | D12: ='DADOS GERAIS'!C20 -> 0.16784946 | E12: ='ENCARGOS SOCIAIS'!E56 -> 0.9612388 | F12: ='DADOS GERAIS'!$C$23 -> GPPE01
B15: Fórmula (Bonificações e Despesas Indiretas):
B22: ITEM | C22: DESCRIÇÃO | D22: CÓD | E22: GERAL VALORES PROPOSTOS (%) | F22: EQUIPAMENTOS VALORES PROPOSTOS (%)
B25: 1 | C25: Administração Central | D25: AC | E25: 0.03 | F25: 0.0345
B26: 2 | C26: Riscos | D26: R | E26: 0.0127 | F26: 0.0085
B27: 3 | C27: Seguros e Garantias | D27: SG | E27: 0.008 | F27: 0.0048
B28: 4 | C28: Despesas Financeiras | D28: DF | E28: 0.0059 | F28: 0.0085
B29: 5 | C29: Lucro | D29: L | E29: 0.074 | F29: 0.035
B30: 6 | C30: Impostos | D30: I | E30: =SUM(E31:E34) -> 0.0935 | F30: =SUM(F31:F34) -> 0.0635
B31: 6.1 | C31: PIS | E31: 0.0065 | F31: 0.0065
B32: 6.2 | C32: COFINS | E32: 0.03 | F32: 0.03
B33: 6.3 | C33: ISSQN | E33: 0.03 | F33: 0
B34: 6.4 | C34: CPRB | E34: 0.027 | F34: =E34 -> 0.027
B36: BDI | E36: =((1+E25+E26+E27)*(1+E28)*(1+E29)/(1-E30))-1 -> 0.25218937 | F36: =((1+F25+F26+F27)*(1+F28)*(1+F29)/(1-F30))-1 -> 0.16784946
B39: FONTE:
B40: 1. | C40: Tribunal de Contas da União - TC 036.076/2011-2 - Acórdão Nº 2622/2013
B41: 2. | C41: ISS conforme a Lei Complementar 116/2003 e a Lei 6.822/2009 da Prefeitura Municipal de Rio Grande.
B42: 3. | C42: CPRB conforme Lei nº 14.973/2024 em regime transitório para o ano de 2026.
B44: NOTAS:
B45: 1. | C45: Deverão ser obedecidas as legislações trabalhistas e tributária vigentes, inclusive acordos de classes, sob pena de desclassificação da Proposta de Preços;
B46: 2. | C46: É de responsabilidade da proponente a adequação de todas as fórmulas utilizadas na planilha orçamentária.
B48: ________________________________________________________________________________
B52: ='DADOS GERAIS'!C24 -> Guilherme Valente Elias
B53: ='DADOS GERAIS'!C25 -> Arquiteto e Urbanista - CAU A58.150-0

Sheet ENCARGOS SOCIAIS
B2: COMPOSIÇÃO ANALÍTICA DAS TAXAS DE ENCARGOS SOCIAIS
B8: ='DADOS GERAIS'!B8 -> Secretaria de Atenção Especializada à Saúde | D8: BDI Geral: | E8: Encargo Social Mensalista: | F8: ='DADOS GERAIS'!$B$22 -> Data:
B9: ='DADOS GERAIS'!B9 -> Centro Especializado em Reabilitação - Área Construída: 2616,51 m² | D9: ='DADOS GERAIS'!C19 -> 0.25218937 | E9: ='ENCARGOS SOCIAIS'!F56 -> 0.5667 | F9: ='DADOS GERAIS'!$C$22 -> 13/02/2026
B11: ='DADOS GERAIS'!B11 -> Bancos: | D11: BDI Equipamentos: | E11: Encargo Social Horista: | F11: ='DADOS GERAIS'!$B$23 -> Revisão:
B12: ='DADOS GERAIS'!B12 -> SINAPI (08/2025) - CPOS/CDHU (06/2025) - SBC (09/2025) - ORSE (06/2025) - IOPES (05/2025) - EMOP (08/2025) - SETOP (04/2025) - SEINFRA (028) - AGETOP CIVIL (06/2025) - FDE (04/2025) - SICRO3 (04/2025) - SIURB (01/2025) - AGESUL (06/2025) | D12: ='DADOS GERAIS'!C20 -> 0.16784946 | E12: ='ENCARGOS SOCIAIS'!E56 -> 0.9612388 | F12: ='DADOS GERAIS'!$C$23 -> GPPE01
B15: ENCARGOS SOCIAIS SOBRE A MÃO DE OBRA
B16: CÓDIGO | C16: DESCRIÇÃO | E16: COM DESONERAÇÃO
E17: HORISTA (%) | F17: MENSALISTA (%)
B19: GRUPO A
B20: A1 | C20: INSS | E20: 0.1 | F20: 0.1
B21: A2 | C21: SESI | E21: 0.015 | F21: 0.015
B22: A3 | C22: SENAI | E22: 0.01 | F22: 0.01
B23: A4 | C23: INCRA | E23: 0.002 | F23: 0.002
B24: A5 | C24: SEBRAE | E24: 0.006 | F24: 0.006
B25: A6 | C25: Salário Educação | E25: 0.025 | F25: 0.025
B26: A7 | C26: Seguro Contra Acidentes de Trabalho | E26: 0.03 | F26: 0.03
B27: A8 | C27: FGTS | E27: 0.08 | F27: 0.08
B28: A9 | C28: SECONCI | E28: 0 | F28: 0
B29: A | C29: Total | E29: =SUBTOTAL(9,E20:E28) -> 0.268 | F29: =SUBTOTAL(9,F20:F28) -> 0.268
B31: GRUPO B
B32: B1 | C32: Repouso Semanal Remunerado | E32: 0.1778 | F32: Não incide
B33: B2 | C33: Feriados | E33: 0.0421 | F33: Não incide
B34: B3 | C34: Auxílio-Enfermidade | E34: 0.0088 | F34: 0.0067
B35: B4 | C35: 13º Salário | E35: 0.1092 | F35: 0.0829
B36: B5 | C36: Licença Paternidade | E36: 0.0007 | F36: 0.0005
B37: B6 | C37: Faltas Justificadas | E37: 0.0073 | F37: 0.0056
B38: B7 | C38: Dias de Chuva | E38: 0.0165 | F38: Não incide
B39: B8 | C39: Auxílo Acidente de Trabalho | E39: 0.0003 | F39: 0.0002
B40: B9 | C40: Férias Gozadas | E40: 0.1104 | F40: 0.0838
B41: B10 | C41: Salário Maternidade | E41: 0.0004 | F41: 0.0003
B42: B | C42: Total | E42: =SUBTOTAL(9,E32:E41) -> 0.4735 | F42: =SUBTOTAL(9,F32:F41) -> 0.18
B44: GRUPO C
B45: C1 | C45: Aviso Prévio Indenizado | E45: 0.0418 | F45: 0.0317
B46: C2 | C46: Aviso Prévio Trabalhado | E46: 0.0011 | F46: 0.0008
B47: C3 | C47: Férias Indenizadas | E47: 0.0359 | F47: 0.0273
B48: C4 | C48: Depósito Recisão sem justa causa | E48: 0.0178 | F48: 0.0135
B49: C5 | C49: Indenização Adicional | E49: 0.0035 | F49: 0.0026
B50: C | C50: Total | E50: =SUBTOTAL(9,E45:E49) -> 0.1001 | F50: =SUBTOTAL(9,F45:F49) -> 0.0759
B52: GRUPO D
B53: D1 | C53: Reincidência de Grupo A sobre Grupo B (sem considerar INNS sobre 13º, conforme Lei nº 14.973/2024) | E53: =ROUND(E42*E29-E20*E35,4) -> 0.116 | F53: =ROUND(F42*F29-F20*F35,4) -> 0.04
B54: D2 | C54: Reincidência de Grupo A sobre Aviso Prévio Trabalhado e Reincidência do FGTS sobre Aviso Prévio Indenizado | E54: =E29*E46+E27*E45 -> 0.0036388 | F54: =F29*F46+F27*F45 -> 0.0027504
B55: D | C55: Total | E55: =SUBTOTAL(9,E53:E54) -> 0.1196388 | F55: =ROUND(SUBTOTAL(9,F53:F54),4) -> 0.0428
B56: TOTAL (A+B+C+D) | E56: =SUM(E29,E42,E50,E55) -> 0.9612388 | F56: =SUM(F29,F42,F50,F55) -> 0.5667
B58: FONTE:
B59: 1. | C59: SINAPI - Encargos Sociais a partir de janeiro de 2026.
B60: 2. | C60: Encargos sociais conforme Lei nº 14.973/2024 em regime transitório para o ano de 2026.
B62: NOTAS:
B63: 1. | C63: Deverão ser obedecidas as legislações trabalhistas e tributária vigentes, inclusive acordos de classes, sob pena de desclassificação da Proposta de Preços;
B64: 2. | C64: É de responsabilidade da proponente a adequação de todas as fórmulas utilizadas na planilha orçamentária.
B67: ________________________________________________________________________________
B72: ='DADOS GERAIS'!C24 -> Guilherme Valente Elias
B73: ='DADOS GERAIS'!C25 -> Arquiteto e Urbanista - CAU A58.150-0

Sheet RESUMO
B2: PLANILHA RESUMO
B8: ='DADOS GERAIS'!B8 -> Secretaria de Atenção Especializada à Saúde | D8: BDI Geral: | E8: Encargo Social Mensalista: | F8: ='DADOS GERAIS'!$B$22 -> Data:
B9: ='DADOS GERAIS'!B9 -> Centro Especializado em Reabilitação - Área Construída: 2616,51 m² | D9: ='DADOS GERAIS'!C19 -> 0.25218937 | E9: ='ENCARGOS SOCIAIS'!F56 -> 0.5667 | F9: ='DADOS GERAIS'!$C$22 -> 13/02/2026
B11: ='DADOS GERAIS'!B11 -> Bancos: | D11: BDI Equipamentos: | E11: Encargo Social Horista: | F11: ='DADOS GERAIS'!$B$23 -> Revisão:
B12: ='DADOS GERAIS'!B12 -> SINAPI (08/2025) - CPOS/CDHU (06/2025) - SBC (09/2025) - ORSE (06/2025) - IOPES (05/2025) - EMOP (08/2025) - SETOP (04/2025) - SEINFRA (028) - AGETOP CIVIL (06/2025) - FDE (04/2025) - SICRO3 (04/2025) - SIURB (01/2025) - AGESUL (06/2025) | D12: ='DADOS GERAIS'!C20 -> 0.16784946 | E12: ='ENCARGOS SOCIAIS'!E56 -> 0.9612388 | F12: ='DADOS GERAIS'!$C$23 -> GPPE01
B15: ITEM | C15: DESCRIÇÃO | E15: PREÇO | F15: %
B17: 1 | C17: {=INDEX('ORC. SINTÉTICO'!$E:$E,MATCH($B17,'ORC. SINTÉTICO'!$B:$B,0))} -> SERVIÇOS PRELIMINARES E INDIRETOS | E17: {=INDEX('ORC. SINTÉTICO'!$J:$J,MATCH($B17,'ORC. SINTÉTICO'!$B:$B,0))} -> 541761.49 | F17: =IFERROR(E17/$E$40,"-") -> 0.04967563
B18: 2 | C18: {=INDEX('ORC. SINTÉTICO'!$E:$E,MATCH($B18,'ORC. SINTÉTICO'!$B:$B,0))} -> FUNDAÇÃO | E18: {=INDEX('ORC. SINTÉTICO'!$J:$J,MATCH($B18,'ORC. SINTÉTICO'!$B:$B,0))} -> 1012449.4 | F18: =IFERROR(E18/$E$40,"-") -> 0.092834324
B19: 3 | C19: {=INDEX('ORC. SINTÉTICO'!$E:$E,MATCH($B19,'ORC. SINTÉTICO'!$B:$B,0))} -> ESTRUTURA | E19: {=INDEX('ORC. SINTÉTICO'!$J:$J,MATCH($B19,'ORC. SINTÉTICO'!$B:$B,0))} -> 2605036.1 | F19: =IFERROR(E19/$E$40,"-") -> 0.23886307
B20: 4 | C20: {=INDEX('ORC. SINTÉTICO'!$E:$E,MATCH($B20,'ORC. SINTÉTICO'!$B:$B,0))} -> ALVENARIA, VEDAÇÕES E DIVISÓRIAS | E20: {=INDEX('ORC. SINTÉTICO'!$J:$J,MATCH($B20,'ORC. SINTÉTICO'!$B:$B,0))} -> 571052.95 | F20: =IFERROR(E20/$E$40,"-") -> 0.052361446
B21: 5 | C21: {=INDEX('ORC. SINTÉTICO'!$E:$E,MATCH($B21,'ORC. SINTÉTICO'!$B:$B,0))} -> COBERTURA | E21: {=INDEX('ORC. SINTÉTICO'!$J:$J,MATCH($B21,'ORC. SINTÉTICO'!$B:$B,0))} -> 707826.4 | F21: =IFERROR(E21/$E$40,"-") -> 0.064902587
B22: 6 | C22: {=INDEX('ORC. SINTÉTICO'!$E:$E,MATCH($B22,'ORC. SINTÉTICO'!$B:$B,0))} -> COMPARTIMENTO RESERVATÓRIO (ALVENARIA E ACABAMENTOS) | E22: {=INDEX('ORC. SINTÉTICO'!$J:$J,MATCH($B22,'ORC. SINTÉTICO'!$B:$B,0))} -> 17338.07 | F22: =IFERROR(E22/$E$40,"-") -> 0.0015897763
B23: 7 | C23: {=INDEX('ORC. SINTÉTICO'!$E:$E,MATCH($B23,'ORC. SINTÉTICO'!$B:$B,0))} -> ESQUADRIAS E GUARDA-CORPOS | E23: {=INDEX('ORC. SINTÉTICO'!$J:$J,MATCH($B23,'ORC. SINTÉTICO'!$B:$B,0))} -> 754146.81 | F23: =IFERROR(E23/$E$40,"-") -> 0.069149836
B24: 8 | C24: {=INDEX('ORC. SINTÉTICO'!$E:$E,MATCH($B24,'ORC. SINTÉTICO'!$B:$B,0))} -> REVESTIMENTO DE PAREDE | E24: {=INDEX('ORC. SINTÉTICO'!$J:$J,MATCH($B24,'ORC. SINTÉTICO'!$B:$B,0))} -> 273332.04 | F24: =IFERROR(E24/$E$40,"-") -> 0.025062581
B25: 9 | C25: {=INDEX('ORC. SINTÉTICO'!$E:$E,MATCH($B25,'ORC. SINTÉTICO'!$B:$B,0))} -> REVESTIMENTO DE PISO INTERNO | E25: {=INDEX('ORC. SINTÉTICO'!$J:$J,MATCH($B25,'ORC. SINTÉTICO'!$B:$B,0))} -> 562686.42 | F25: =IFERROR(E25/$E$40,"-") -> 0.051594296
B26: 10 | C26: {=INDEX('ORC. SINTÉTICO'!$E:$E,MATCH($B26,'ORC. SINTÉTICO'!$B:$B,0))} -> REVESTIMENTO DE PISO EXTERNO | E26: {=INDEX('ORC. SINTÉTICO'!$J:$J,MATCH($B26,'ORC. SINTÉTICO'!$B:$B,0))} -> 413536.25 | F26: =IFERROR(E26/$E$40,"-") -> 0.037918298
B27: 11 | C27: {=INDEX('ORC. SINTÉTICO'!$E:$E,MATCH($B27,'ORC. SINTÉTICO'!$B:$B,0))} -> REVESTIMENTO DE TETO | E27: {=INDEX('ORC. SINTÉTICO'!$J:$J,MATCH($B27,'ORC. SINTÉTICO'!$B:$B,0))} -> 200244.31 | F27: =IFERROR(E27/$E$40,"-") -> 0.018360962
B28: 12 | C28: {=INDEX('ORC. SINTÉTICO'!$E:$E,MATCH($B28,'ORC. SINTÉTICO'!$B:$B,0))} -> FACHADA | E28: {=INDEX('ORC. SINTÉTICO'!$J:$J,MATCH($B28,'ORC. SINTÉTICO'!$B:$B,0))} -> 44220.89 | F28: =IFERROR(E28/$E$40,"-") -> 0.0040547374
... B38: 22 | C38: {=INDEX('ORC. SINTÉTICO'!$E:$E,MATCH($B38,'ORC. SINTÉTICO'!$B:$B,0))} -> ATUALIZAÇÃO - PROJETO ELÉTRICO - GPPE | E38: {=INDEX('ORC. SINTÉTICO'!$J:$J,MATCH($B38,'ORC. SINTÉTICO'!$B:$B,0))} -> 521825.8 | F38: =IFERROR(E38/$E$40,"-") -> 0.047847671
B40: TOTAL | E40: =SUBTOTAL(9,E17:E38) -> 10905981 | F40: =SUBTOTAL(9,F17:F38) -> 1
B42: Notas:
B43: Estão exclusos do escopo: movimentação de terra, mobiliário e equipamentos, piso intertravado, chapas metálicas das portas, instalações de automação, CFTV, energia fotovoltaica, controle de acesso, CATV, sonorização, luminárias externas, arborização, muro perimetral e equipamentos de ar condicionado.
B50: ________________________________________________________________________________
B51: ='DADOS GERAIS'!C24 -> Guilherme Valente Elias
B52: ='DADOS GERAIS'!C25 -> Arquiteto e Urbanista - CAU A58.150-0

Sheet ORC. SINTÉTICO
B2: PLANILHA DE ORÇAMENTO SINTÉTICO
B8: ='DADOS GERAIS'!$B$8 -> Secretaria de Atenção Especializada à Saúde | G8: =RESUMO!D8 -> BDI Geral: | I8: =RESUMO!E8 -> Encargo Social Mensalista: | K8: ='DADOS GERAIS'!$B$22 -> Data:
B9: ='DADOS GERAIS'!$B$9 -> Centro Especializado em Reabilitação - Área Construída: 2616,51 m² | G9: =RESUMO!D9 -> 0.25218937 | I9: =RESUMO!E9 -> 0.5667
I10: Data base: | J10: Referência 01-2026.xlsm
B11: PROPONENTE | G11: =RESUMO!D11 -> BDI Equipamentos: | I11: =RESUMO!E11 -> Encargo Social Horista:
B12: CNPJ | G12: =RESUMO!D12 -> 0.16784946 | I12: =RESUMO!E12 -> 0.9612388
B13: DESCONTO | C13: 0 | D13: Orientação: digitar o desconto na cálula ao lado (C13) com, no máximo, duas casas após a vírgula.
B15: Item | C15: Código | D15: Banco | E15: Descrição | F15: Und | G15: Quant. | H15: Valor Unit | K15: Peso (%)
I16: Total | J16: Total
B18: 1 | E18: SERVIÇOS PRELIMINARES E INDIRETOS | J18: =J19+J31+J33+J35 -> 541761.49 | K18: =J18/$J$1092 -> 0.04967563
B19: 1.1 | E19: CANTEIRO DE OBRAS | J19: =SUM(J20:J30) -> 316324.2 | K19: =J19/$J$1092 -> 0.029004653
B20: 1.1.1 | C20: CPU2526 | D20: Próprio | E20: LOCAÇÃO DE CONTAINER TIPO DEPÓSITO - ÁREA MÍNIMA DE 13,80 M2 | F20: UNXMÊS | G20: =2*12 -> 24 | H20: =TRUNC(L20*(1-$C$13),2) -> 982.68 | I20: =TRUNC((H20*(1+'DADOS GERAIS'!C$19)),2) -> 1230.5 | J20: =TRUNC(G20*I20,2) -> 29532 | K20: =J20/$J$1092 -> 0.0027078719 | L20: 982.68
B21: 1.1.2 | C21: CPU2527 | D21: Próprio | E21: BARRACÃO ABERTO PARA APOIO À PRODUÇÃO (CARPINTARIA, CENTRAL DE ARMAÇÃO, OFICINA, ETC.) C/ TESOURAS, TELHA 4MM, PISO EM CONCRETO DESEMPOLADO | F21: m² | G21: 18 | H21: =TRUNC(L21*(1-$C$13),2) -> 233.44 | I21: =TRUNC((H21*(1+'DADOS GERAIS'!C$19)),2) -> 292.31 | J21: =TRUNC(G21*I21,2) -> 5261.58 | K21: =J21/$J$1092 -> 0.00048244902 | L21: 233.44
B22: 1.1.3 | C22: CPU2529 | D22: Próprio | E22: BARRACAO PARA REFEITORIO EM OBRAS EM COMPENSADO | F22: m² | G22: 20 | H22: =TRUNC(L22*(1-$C$13),2) -> 1065.19 | I22: =TRUNC((H22*(1+'DADOS GERAIS'!C$19)),2) -> 1333.81 | J22: =TRUNC(G22*I22,2) -> 26676.2 | K22: =J22/$J$1092 -> 0.0024460156 | L22: 1065.19
B23: 1.1.4 | C23: 95648 | D23: SINAPI | E23: KIT CAVALETE PARA MEDIÇÃO DE ÁGUA - ENTRADA INDIVIDUALIZADA, EM CPVC DN 28 MM (1"), PARA 1 MEDIDOR - FORNECIMENTO E INSTALAÇÃO (EXCLUSIVE HIDRÔMETRO). AF_03/2024 | F23: UN | G23: 1 | H23: =TRUNC(L23*(1-$C$13),2) -> 730.72 | I23: =TRUNC((H23*(1+'DADOS GERAIS'!C$19)),2) -> 914.99 | J23: =TRUNC(G23*I23,2) -> 914.99 | K23: =J23/$J$1092 -> 8.3897999e-05 | L23: 730.72
B24: 1.1.5 | C24: 95673 | D24: SINAPI | E24: HIDRÔMETRO DN 1/2", 1,5 M3/H - FORNECIMENTO E INSTALAÇÃO. AF_03/2024 | F24: UN | G24: 1 | H24: =TRUNC(L24*(1-$C$13),2) -> 193.66 | I24: =TRUNC((H24*(1+'DADOS GERAIS'!C$19)),2) -> 242.49 | J24: =TRUNC(G24*I24,2) -> 242.49 | K24: =J24/$J$1092 -> 2.2234588e-05 | L24: 193.66
B25: 1.1.6 | C25: 101509 | D25: SINAPI | E25: ENTRADA DE ENERGIA ELÉTRICA, AÉREA, TRIFÁSICA, COM CAIXA DE EMBUTIR, CABO DE 10 MM2 E DISJUNTOR DIN 50A (NÃO INCLUSO O POSTE DE CONCRETO). AF_07/2020 | F25: UN | G25: 1 | H25: =TRUNC(L25*(1-$C$13),2) -> 2051.1 | I25: =TRUNC((H25*(1+'DADOS GERAIS'!C$19)),2) -> 2568.36 | J25: =TRUNC(G25*I25,2) -> 2568.36 | K25: =J25/$J$1092 -> 0.00023550013 | L25: 2051.1
B26: 1.1.7 | C26: 103689 | D26: SINAPI | E26: FORNECIMENTO E INSTALAÇÃO DE PLACA DE OBRA COM CHAPA GALVANIZADA E ESTRUTURA DE MADEIRA. AF_03/2022_PS | F26: m² | G26: 6 | H26: =TRUNC(L26*(1-$C$13),2) -> 460.42 | I26: =TRUNC((H26*(1+'DADOS GERAIS'!C$19)),2) -> 576.53 | J26: =TRUNC(G26*I26,2) -> 3459.18 | K26: =J26/$J$1092 -> 0.00031718191 | L26: 460.42
B27: 1.1.8 | C27: CPU2530 | D27: Próprio | E27: REMOÇÃO DE ENTULHO SEPARADO DE OBRA COM CAÇAMBA METÁLICA - TERRA, ALVENARIA, CONCRETO, ARGAMASSA, MADEIRA, PAPEL, PLÁSTICO OU METAL | F27: m³ | G27: 160 | H27: =TRUNC(L27*(1-$C$13),2) -> 112.6 | I27: =TRUNC((H27*(1+'DADOS GERAIS'!C$19)),2) -> 140.99 | J27: =TRUNC(G27*I27,2) -> 22558.4 | K27: =J27/$J$1092 -> 0.0020684429 | L27: 112.6
B28: 1.1.9 | C28: 98459 | D28: SINAPI | E28: TAPUME COM TELHA METÁLICA. AF_03/2024 | F28: m² | G28: =326.5*2 -> 653 | H28: =TRUNC(L28*(1-$C$13),2) -> 80.14 | I28: =TRUNC((H28*(1+'DADOS GERAIS'!C$19)),2) -> 100.35 | J28: =TRUNC(G28*I28,2) -> 65528.55 | K28: =J28/$J$1092 -> 0.0060084965 | L28: 80.14
B29: 1.1.10 | C29: 98525 | D29: SINAPI | E29: LIMPEZA MECANIZADA DE CAMADA VEGETAL, VEGETAÇÃO E PEQUENAS ÁRVORES (DIÂMETRO DE TRONCO MENOR QUE 0,20 M), COM TRATOR DE ESTEIRAS. AF_03/2024 | F29: M2 | G29: 6665.92 | H29: =TRUNC(L29*(1-$C$13),2) -> 0.68 | I29: =TRUNC((H29*(1+'DADOS GERAIS'!C$19)),2) -> 0.85 | J29: =TRUNC(G29*I29,2) -> 5666.03 | K29: =J29/$J$1092 -> 0.00051953418 | L29: 0.68
B30: 1.1.11 | C30: CPU2682 | D30: Próprio | E30: ATERRO COM AREIA COM ADENSAMENTO HIDRAULICO | F30: M3 | G30: =TRUNC(1390.928+66.0634,2) -> 1456.99 | H30: =TRUNC(L30*(1-$C$13),2) -> 84.37 | I30: =TRUNC((H30*(1+'DADOS GERAIS'!C$19)),2) -> 105.64 | J30: =TRUNC(G30*I30,2) -> 153916.42 | K30: =J30/$J$1092 -> 0.014113028 | L30: 84.37
B31: 1.2 | E31: ADMINISTRAÇÃO LOCAL DA OBRA | J31: =SUM(J32) -> 189182.16 | K31: =J31/$J$1092 -> 0.017346643
B32: 1.2.1 | C32: CPU2683 | D32: Próprio | E32: ADMINISTRAÇÃO LOCAL | F32: MÊS | G32: 12 | H32: =TRUNC(L32*(1-$C$13),2) -> 12590.1 | I32: =TRUNC((H32*(1+'DADOS GERAIS'!C$19)),2) -> 15765.18 | J32: =TRUNC(G32*I32,2) -> 189182.16 | K32: =J32/$J$1092 -> 0.017346643 | L32: 12590.1
B33: 1.3 | E33: MOBILIZAÇÃO E DESMOBILIZAÇÃO | J33: =SUM(J34) -> 8835.22 | K33: =J33/$J$1092 -> 0.0008101261
B34: 1.3.1 | C34: CPU2531 | D34: Próprio | E34: MOBILIZACAO E DESMOBILIZACAO DE CANTEIRO | F34: UN | G34: 1 | H34: =TRUNC(L34*(1-$C$13),2) -> 7055.82 | I34: =TRUNC((H34*(1+'DADOS GERAIS'!C$19)),2) -> 8835.22 | J34: =TRUNC(G34*I34,2) -> 8835.22 | K34: =J34/$J$1092 -> 0.0008101261 | L34: 7055.82
B35: 1.4 | E35: EQUIPAMENTOS DE APOIO | J35: =SUM(J36) -> 27419.91 | K35: =J35/$J$1092 -> 0.0025142084
B36: 1.4.1 | C36: CPU1926 | D36: Próprio | E36: LOCACAO DE ANDAIME METALICO TIPO FACHADEIRO, PECAS COM APROXIMADAMENTE 1,20 M DE LARGURA E 2,0 M DE ALTURA, INCLUINDO DIAGONAIS EM X, BARRAS DE LIGACAO, SAPATAS E DEMAIS ITENS NECESSARIOS A MONTAGEM, INCLUSIVE MONTAGEM E DESMONTAGEM | F36: M2XMÊS | G36: 700.56 | H36: =TRUNC(L36*(1-$C$13),2) -> 31.26 | I36: =TRUNC((H36*(1+'DADOS GERAIS'!C$19)),2) -> 39.14 | J36: =TRUNC(G36*I36,2) -> 27419.91 | K36: =J36/$J$1092 -> 0.0025142084 | L36: 31.26
B37: 2 | E37: FUNDAÇÃO | J37: =J38+J56+J73 -> 1012449.4 | K37: =J37/$J$1092 -> 0.092834324
B38: 2.1 | E38: EDIFICAÇÃO PRINCIPAL | J38: =SUM(J39:J55) -> 777676.64 | K38: =J38/$J$1092 -> 0.071307352
B39: 2.1.1 | C39: 99059 | D39: SINAPI | E39: LOCAÇÃO CONVENCIONAL DE OBRA, UTILIZANDO GABARITO DE TÁBUAS CORRIDAS PONTALETADAS A CADA 2,00M - 2 UTILIZAÇÕES. AF_03/2024 | F39: M | G39: 203 | H39: =TRUNC(L39*(1-$C$13),2) -> 62.71 | I39: =TRUNC((H39*(1+'DADOS GERAIS'!C$19)),2) -> 78.52 | J39: =TRUNC(G39*I39,2) -> 15939.56 | K39: =J39/$J$1092 -> 0.001461543 | L39: 62.71
B40: 2.1.2 | C40: 93358 | D40: SINAPI | E40: ESCAVAÇÃO MANUAL DE VALA. AF_09/2024 | F40: m³ | G40: 86.392 | H40: =TRUNC(L40*(1-$C$13),2) -> 92.88 | I40: =TRUNC((H40*(1+'DADOS GERAIS'!C$19)),2) -> 116.3 | J40: =TRUNC(G40*I40,2) -> 10047.38 | K40: =J40/$J$1092 -> 0.00092127244 | L40: 92.88
B41: 2.1.3 | C41: 90100 | D41: SINAPI | E41: ESCAVAÇÃO MECANIZADA DE VALA COM PROF. ATÉ 1,5 M (MÉDIA MONTANTE E JUSANTE/UMA COMPOSIÇÃO POR TRECHO), RETROESCAV. (0,26 M3), LARG. DE 0,8 M A 1,5 M, EM SOLO DE 1A CATEGORIA, EM LOCAIS COM ALTO NÍVEL DE INTERFERÊNCIA. AF_09/2024 | F41: m³ | G41: 777.527 | H41: =TRUNC(L41*(1-$C$13),2) -> 13.31 | I41: =TRUNC((H41*(1+'DADOS GERAIS'!C$19)),2) -> 16.66 | J41: =TRUNC(G41*I41,2) -> 12953.59 | K41: =J41/$J$1092 -> 0.001187751 | L41: 13.31
B42: 2.1.4 | C42: 100324 | D42: SINAPI | E42: LASTRO COM MATERIAL GRANULAR (PEDRA BRITADA N.1 E PEDRA BRITADA N.2), APLICADO EM PISOS OU LAJES SOBRE SOLO, ESPESSURA DE *10 CM*. AF_01/2024 | F42: m³ | G42: 193.599 | H42: =TRUNC(L42*(1-$C$13),2) -> 175.09 | I42: =TRUNC((H42*(1+'DADOS GERAIS'!C$19)),2) -> 219.24 | J42: =TRUNC(G42*I42,2) -> 42444.64 | K42: =J42/$J$1092 -> 0.0038918681 | L42: 175.09
B43: 2.1.5 | C43: 96534 | D43: SINAPI | E43: FABRICAÇÃO, MONTAGEM E DESMONTAGEM DE FÔRMA PARA BLOCO DE COROAMENTO, EM MADEIRA SERRADA, E=25 MM, 4 UTILIZAÇÕES. AF_01/2024 | F43: m² | G43: 1258.6 | H43: =TRUNC(L43*(1-$C$13),2) -> 74.53 | I43: =TRUNC((H43*(1+'DADOS GERAIS'!C$19)),2) -> 93.32 | J43: =TRUNC(G43*I43,2) -> 117452.55 | K43: =J43/$J$1092 -> 0.010769554 | L43: 74.53
B44: 2.1.6 | C44: 96543 | D44: SINAPI | E44: ARMAÇÃO DE BLOCO UTILIZANDO AÇO CA-60 DE 5 MM - MONTAGEM. AF_01/2024 | F44: KG | G44: 1395.6 | H44: =TRUNC(L44*(1-$C$13),2) -> 20.1 | I44: =TRUNC((H44*(1+'DADOS GERAIS'!C$19)),2) -> 25.16 | J44: =TRUNC(G44*I44,2) -> 35113.29 | K44: =J44/$J$1092 -> 0.003219636 | L44: 20.1
B45: 2.1.7 | C45: 96544 | D45: SINAPI | E45: ARMAÇÃO DE BLOCO UTILIZANDO AÇO CA-50 DE 6,3 MM - MONTAGEM. AF_01/2024 | F45: KG | G45: 22.4 | H45: =TRUNC(L45*(1-$C$13),2) -> 18 | I45: =TRUNC((H45*(1+'DADOS GERAIS'!C$19)),2) -> 22.53 | J45: =TRUNC(G45*I45,2) -> 504.67 | K45: =J45/$J$1092 -> 4.6274607e-05 | L45: 18
B46: 2.1.8 | C46: 96545 | D46: SINAPI | E46: ARMAÇÃO DE BLOCO UTILIZANDO AÇO CA-50 DE 8 MM - MONTAGEM. AF_01/2024 | F46: KG | G46: 779.8 | H46: =TRUNC(L46*(1-$C$13),2) -> 16.18 | I46: =TRUNC((H46*(1+'DADOS GERAIS'!C$19)),2) -> 20.26 | J46: =TRUNC(G46*I46,2) -> 15798.74 | K46: =J46/$J$1092 -> 0.0014486308 | L46: 16.18
B47: 2.1.9 | C47: 96546 | D47: SINAPI | E47: ARMAÇÃO DE BLOCO UTILIZANDO AÇO CA-50 DE 10 MM - MONTAGEM. AF_01/2024 | F47: KG | G47: 5503 | H47: =TRUNC(L47*(1-$C$13),2) -> 14.1 | I47: =TRUNC((H47*(1+'DADOS GERAIS'!C$19)),2) -> 17.65 | J47: =TRUNC(G47*I47,2) -> 97127.95 | K47: =J47/$J$1092 -> 0.0089059341 | L47: 14.1
B48: 2.1.10 | C48: 104920 | D48: SINAPI | E48: ARMAÇÃO DE BLOCO, SAPATA ISOLADA, VIGA BALDRAME E SAPATA CORRIDA UTILIZANDO AÇO CA-50 DE 12,5 MM - MONTAGEM. AF_01/2024 | F48: KG | G48: 1736.5 | H48: =TRUNC(L48*(1-$C$13),2) -> 10.82 | I48: =TRUNC((H48*(1+'DADOS GERAIS'!C$19)),2) -> 13.54 | J48: =TRUNC(G48*I48,2) -> 23512.21 | K48: =J48/$J$1092 -> 0.0021559005 | L48: 10.82
B49: 2.1.11 | C49: 104921 | D49: SINAPI | E49: ARMAÇÃO DE BLOCO, SAPATA ISOLADA, VIGA BALDRAME E SAPATA CORRIDA UTILIZANDO AÇO CA-50 DE 16 MM - MONTAGEM. AF_01/2024 | F49: KG | G49: 3253.2 | H49: =TRUNC(L49*(1-$C$13),2) -> 10.16 | I49: =TRUNC((H49*(1+'DADOS GERAIS'!C$19)),2) -> 12.72 | J49: =TRUNC(G49*I49,2) -> 41380.7 | K49: =J49/$J$1092 -> 0.0037943124 | L49: 10.16
B50: 2.1.12 | C50: 104922 | D50: SINAPI | E50: ARMAÇÃO DE BLOCO, SAPATA ISOLADA E SAPATA CORRIDA UTILIZANDO AÇO CA-50 DE 20 MM - MONTAGEM. AF_01/2024 | F50: KG | G50: 644 | H50: =TRUNC(L50*(1-$C$13),2) -> 11.17 | I50: =TRUNC((H50*(1+'DADOS GERAIS'!C$19)),2) -> 13.98 | J50: =TRUNC(G50*I50,2) -> 9003.12 | K50: =J50/$J$1092 -> 0.00082552132 | L50: 11.17
B51: 2.1.13 | C51: CPU2096 | D51: Próprio | E51: CONCRETAGEM DE BLOCOS DE COROAMENTO E VIGAS BALDRAMES, FCK 35 MPA, COM USO DE BOMBA  LANÇAMENTO, ADENSAMENTO E ACABAMENTO | F51: m³ | G51: 233.6 | H51: =TRUNC(L51*(1-$C$13),2) -> 757.43 | I51: =TRUNC((H51*(1+'DADOS GERAIS'!C$19)),2) -> 948.44 | J51: =TRUNC(G51*I51,2) -> 221555.58 | K51: =J51/$J$1092 -> 0.020315052 | L51: 757.43
B52: 2.1.14 | C52: 100574 | D52: SINAPI | E52: ESPALHAMENTO DE MATERIAL COM TRATOR DE ESTEIRAS. AF_09/2024 | F52: m³ | G52: 1052.52 | H52: =TRUNC(L52*(1-$C$13),2) -> 1.45 | I52: =TRUNC((H52*(1+'DADOS GERAIS'!C$19)),2) -> 1.81 | J52: =TRUNC(G52*I52,2) -> 1905.06 | K52: =J52/$J$1092 -> 0.00017468029 | L52: 1.45
B53: 2.1.15 | C53: 93382 | D53: SINAPI | E53: REATERRO MANUAL DE VALAS, COM COMPACTADOR DE SOLOS DE PERCUSSÃO. AF_08/2023 | F53: m³ | G53: 819.38789 | H53: =TRUNC(L53*(1-$C$13),2) -> 29.12 | I53: =TRUNC((H53*(1+'DADOS GERAIS'!C$19)),2) -> 36.46 | J53: =TRUNC(G53*I53,2) -> 29874.88 | K53: =J53/$J$1092 -> 0.0027393115 | L53: 29.12
B54: 2.1.16 | C54: 98557 | D54: SINAPI | E54: IMPERMEABILIZAÇÃO DE SUPERFÍCIE COM EMULSÃO ASFÁLTICA, 2 DEMÃOS. AF_09/2023 | F54: m² | G54: 1258.6 | H54: =TRUNC(L54*(1-$C$13),2) -> 45.91 | I54: =TRUNC((H54*(1+'DADOS GERAIS'!C$19)),2) -> 57.48 | J54: =TRUNC(G54*I54,2) -> 72344.32 | K54: =J54/$J$1092 -> 0.0066334536 | L54: 45.91
B55: 2.1.17 | C55: CPU2532 | D55: Próprio | E55: CONTROLE TECNOLOGICO DE CONCRETOS | F55: m³ | G55: 233.6 | H55: =TRUNC(L55*(1-$C$13),2) -> 105.02 | I55: =TRUNC((H55*(1+'DADOS GERAIS'!C$19)),2) -> 131.5 | J55: =TRUNC(G55*I55,2) -> 30718.4 | K55: =J55/$J$1092 -> 0.0028166562 | L55: 105.02
B56: 2.2 | E56: QUADRA E MARQUISE DIREITA | J56: =SUM(J57:J72) -> 172890.66 | K56: =J56/$J$1092 -> 0.015852829
B57: 2.2.1 | C57: 99059 | D57: SINAPI | E57: LOCAÇÃO CONVENCIONAL DE OBRA, UTILIZANDO GABARITO DE TÁBUAS CORRIDAS PONTALETADAS A CADA 2,00M - 2 UTILIZAÇÕES. AF_03/2024 | F57: M | G57: 97 | H57: =TRUNC(L57*(1-$C$13),2) -> 62.71 | I57: =TRUNC((H57*(1+'DADOS GERAIS'!C$19)),2) -> 78.52 | J57: =TRUNC(G57*I57,2) -> 7616.44 | K57: =J57/$J$1092 -> 0.00069837274 | L57: 62.71
B58: 2.2.2 | C58: 93358 | D58: SINAPI | E58: ESCAVAÇÃO MANUAL DE VALA. AF_09/2024 | F58: m³ | G58: 18.703 | H58: =TRUNC(L58*(1-$C$13),2) -> 92.88 | I58: =TRUNC((H58*(1+'DADOS GERAIS'!C$19)),2) -> 116.3 | J58: =TRUNC(G58*I58,2) -> 2175.15 | K58: =J58/$J$1092 -> 0.0001994456 | L58: 92.88
B59: 2.2.3 | C59: 90100 | D59: SINAPI | E59: ESCAVAÇÃO MECANIZADA DE VALA COM PROF. ATÉ 1,5 M (MÉDIA MONTANTE E JUSANTE/UMA COMPOSIÇÃO POR TRECHO), RETROESCAV. (0,26 M3), LARG. DE 0,8 M A 1,5 M, EM SOLO DE 1A CATEGORIA, EM LOCAIS COM ALTO NÍVEL DE INTERFERÊNCIA. AF_09/2024 | F59: m³ | G59: 168.327 | H59: =TRUNC(L59*(1-$C$13),2) -> 13.31 | I59: =TRUNC((H59*(1+'DADOS GERAIS'!C$19)),2) -> 16.66 | J59: =TRUNC(G59*I59,2) -> 2804.32 | K59: =J59/$J$1092 -> 0.00025713596 | L59: 13.31
B60: 2.2.4 | C60: 100324 | D60: SINAPI | E60: LASTRO COM MATERIAL GRANULAR (PEDRA BRITADA N.1 E PEDRA BRITADA N.2), APLICADO EM PISOS OU LAJES SOBRE SOLO, ESPESSURA DE *10 CM*. AF_01/2024 | F60: m³ | G60: 23.82 | H60: =TRUNC(L60*(1-$C$13),2) -> 175.09 | I60: =TRUNC((H60*(1+'DADOS GERAIS'!C$19)),2) -> 219.24 | J60: =TRUNC(G60*I60,2) -> 5222.29 | K60: =J60/$J$1092 -> 0.00047884641 | L60: 175.09
B61: 2.2.5 | C61: 96534 | D61: SINAPI | E61: FABRICAÇÃO, MONTAGEM E DESMONTAGEM DE FÔRMA PARA BLOCO DE COROAMENTO, EM MADEIRA SERRADA, E=25 MM, 4 UTILIZAÇÕES. AF_01/2024 | F61: m² | G61: 247.9 | H61: =TRUNC(L61*(1-$C$13),2) -> 74.53 | I61: =TRUNC((H61*(1+'DADOS GERAIS'!C$19)),2) -> 93.32 | J61: =TRUNC(G61*I61,2) -> 23134.02 | K61: =J61/$J$1092 -> 0.0021212232 | L61: 74.53
B62: 2.2.6 | C62: 96543 | D62: SINAPI | E62: ARMAÇÃO DE BLOCO UTILIZANDO AÇO CA-60 DE 5 MM - MONTAGEM. AF_01/2024 | F62: KG | G62: 328.3 | H62: =TRUNC(L62*(1-$C$13),2) -> 20.1 | I62: =TRUNC((H62*(1+'DADOS GERAIS'!C$19)),2) -> 25.16 | J62: =TRUNC(G62*I62,2) -> 8260.02 | K62: =J62/$J$1092 -> 0.00075738439 | L62: 20.1
B63: 2.2.7 | C63: 96544 | D63: SINAPI | E63: ARMAÇÃO DE BLOCO UTILIZANDO AÇO CA-50 DE 6,3 MM - MONTAGEM. AF_01/2024 | F63: KG | G63: 90.7 | H63: =TRUNC(L63*(1-$C$13),2) -> 18 | I63: =TRUNC((H63*(1+'DADOS GERAIS'!C$19)),2) -> 22.53 | J63: =TRUNC(G63*I63,2) -> 2043.47 | K63: =J63/$J$1092 -> 0.00018737149 | L63: 18
B64: 2.2.8 | C64: 96545 | D64: SINAPI | E64: ARMAÇÃO DE BLOCO UTILIZANDO AÇO CA-50 DE 8 MM - MONTAGEM. AF_01/2024 | F64: KG | G64: 2.2 | H64: =TRUNC(L64*(1-$C$13),2) -> 16.18 | I64: =TRUNC((H64*(1+'DADOS GERAIS'!C$19)),2) -> 20.26 | J64: =TRUNC(G64*I64,2) -> 44.57 | K64: =J64/$J$1092 -> 4.0867483e-06 | L64: 16.18
B65: 2.2.9 | C65: 96546 | D65: SINAPI | E65: ARMAÇÃO DE BLOCO UTILIZANDO AÇO CA-50 DE 10 MM - MONTAGEM. AF_01/2024 | F65: KG | G65: 1221.3 | H65: =TRUNC(L65*(1-$C$13),2) -> 14.1 | I65: =TRUNC((H65*(1+'DADOS GERAIS'!C$19)),2) -> 17.65 | J65: =TRUNC(G65*I65,2) -> 21555.94 | K65: =J65/$J$1092 -> 0.0019765246 | L65: 14.1
B66: 2.2.10 | C66: 104920 | D66: SINAPI | E66: ARMAÇÃO DE BLOCO, SAPATA ISOLADA, VIGA BALDRAME E SAPATA CORRIDA UTILIZANDO AÇO CA-50 DE 12,5 MM - MONTAGEM. AF_01/2024 | F66: KG | G66: 404.7 | H66: =TRUNC(L66*(1-$C$13),2) -> 10.82 | I66: =TRUNC((H66*(1+'DADOS GERAIS'!C$19)),2) -> 13.54 | J66: =TRUNC(G66*I66,2) -> 5479.63 | K66: =J66/$J$1092 -> 0.00050244264 | L66: 10.82
B67: 2.2.11 | C67: 104921 | D67: SINAPI | E67: ARMAÇÃO DE BLOCO, SAPATA ISOLADA, VIGA BALDRAME E SAPATA CORRIDA UTILIZANDO AÇO CA-50 DE 16 MM - MONTAGEM. AF_01/2024 | F67: KG | G67: 1362.3 | H67: =TRUNC(L67*(1-$C$13),2) -> 10.16 | I67: =TRUNC((H67*(1+'DADOS GERAIS'!C$19)),2) -> 12.72 | J67: =TRUNC(G67*I67,2) -> 17328.45 | K67: =J67/$J$1092 -> 0.0015888942 | L67: 10.16
B68: 2.2.12 | C68: CPU2096 | D68: Próprio | E68: CONCRETAGEM DE BLOCOS DE COROAMENTO E VIGAS BALDRAMES, FCK 35 MPA, COM USO DE BOMBA  LANÇAMENTO, ADENSAMENTO E ACABAMENTO | F68: m³ | G68: 52.2 | H68: =TRUNC(L68*(1-$C$13),2) -> 757.43 | I68: =TRUNC((H68*(1+'DADOS GERAIS'!C$19)),2) -> 948.44 | J68: =TRUNC(G68*I68,2) -> 49508.56 | K68: =J68/$J$1092 -> 0.0045395787 | L68: 757.43
B69: 2.2.13 | C69: 100574 | D69: SINAPI | E69: ESPALHAMENTO DE MATERIAL COM TRATOR DE ESTEIRAS. AF_09/2024 | F69: m³ | G69: 120.072 | H69: =TRUNC(L69*(1-$C$13),2) -> 1.45 | I69: =TRUNC((H69*(1+'DADOS GERAIS'!C$19)),2) -> 1.81 | J69: =TRUNC(G69*I69,2) -> 217.33 | K69: =J69/$J$1092 -> 1.9927597e-05 | L69: 1.45
B70: 2.2.14 | C70: 93382 | D70: SINAPI | E70: REATERRO MANUAL DE VALAS, COM COMPACTADOR DE SOLOS DE PERCUSSÃO. AF_08/2023 | F70: m³ | G70: 175.17506 | H70: =TRUNC(L70*(1-$C$13),2) -> 29.12 | I70: =TRUNC((H70*(1+'DADOS GERAIS'!C$19)),2) -> 36.46 | J70: =TRUNC(G70*I70,2) -> 6386.88 | K70: =J70/$J$1092 -> 0.00058563094 | L70: 29.12
B71: 2.2.15 | C71: 98557 | D71: SINAPI | E71: IMPERMEABILIZAÇÃO DE SUPERFÍCIE COM EMULSÃO ASFÁLTICA, 2 DEMÃOS. AF_09/2023 | F71: m² | G71: 247.9 | H71: =TRUNC(L71*(1-$C$13),2) -> 45.91 | I71: =TRUNC((H71*(1+'DADOS GERAIS'!C$19)),2) -> 57.48 | J71: =TRUNC(G71*I71,2) -> 14249.29 | K71: =J71/$J$1092 -> 0.0013065574 | L71: 45.91
B72: 2.2.16 | C72: CPU2532 | D72: Próprio | E72: CONTROLE TECNOLOGICO DE CONCRETOS | F72: m³ | G72: 52.2 | H72: =TRUNC(L72*(1-$C$13),2) -> 105.02 | I72: =TRUNC((H72*(1+'DADOS GERAIS'!C$19)),2) -> 131.5 | J72: =TRUNC(G72*I72,2) -> 6864.3 | K72: =J72/$J$1092 -> 0.00062940691 | L72: 105.02
B73: 2.3 | E73: JARDIM SENSORIAL E MARQUISE ESQUERDA | J73: =SUM(J74:J88) -> 61882.1 | K73: =J73/$J$1092 -> 0.0056741433
B74: 2.3.1 | C74: 99059 | D74: SINAPI | E74: LOCAÇÃO CONVENCIONAL DE OBRA, UTILIZANDO GABARITO DE TÁBUAS CORRIDAS PONTALETADAS A CADA 2,00M - 2 UTILIZAÇÕES. AF_03/2024 | F74: M | G74: 80 | H74: =TRUNC(L74*(1-$C$13),2) -> 62.71 | I74: =TRUNC((H74*(1+'DADOS GERAIS'!C$19)),2) -> 78.52 | J74: =TRUNC(G74*I74,2) -> 6281.6 | K74: =J74/$J$1092 -> 0.00057597752 | L74: 62.71
B75: 2.3.2 | C75: 93358 | D75: SINAPI | E75: ESCAVAÇÃO MANUAL DE VALA. AF_09/2024 | F75: m³ | G75: 9.15 | H75: =TRUNC(L75*(1-$C$13),2) -> 92.88 | I75: =TRUNC((H75*(1+'DADOS GERAIS'!C$19)),2) -> 116.3 | J75: =TRUNC(G75*I75,2) -> 1064.14 | K75: =J75/$J$1092 -> 9.757398e-05 | L75: 92.88
B76: 2.3.3 | C76: 90100 | D76: SINAPI | E76: ESCAVAÇÃO MECANIZADA DE VALA COM PROF. ATÉ 1,5 M (MÉDIA MONTANTE E JUSANTE/UMA COMPOSIÇÃO POR TRECHO), RETROESCAV. (0,26 M3), LARG. DE 0,8 M A 1,5 M, EM SOLO DE 1A CATEGORIA, EM LOCAIS COM ALTO NÍVEL DE INTERFERÊNCIA. AF_09/2024 | F76: m³ | G76: 82.35 | H76: =TRUNC(L76*(1-$C$13),2) -> 13.31 | I76: =TRUNC((H76*(1+'DADOS GERAIS'!C$19)),2) -> 16.66 | J76: =TRUNC(G76*I76,2) -> 1371.95 | K76: =J76/$J$1092 -> 0.00012579794 | L76: 13.31
B77: 2.3.4 | C77: 100324 | D77: SINAPI | E77: LASTRO COM MATERIAL GRANULAR (PEDRA BRITADA N.1 E PEDRA BRITADA N.2), APLICADO EM PISOS OU LAJES SOBRE SOLO, ESPESSURA DE *10 CM*. AF_01/2024 | F77: m³ | G77: 13.63 | H77: =TRUNC(L77*(1-$C$13),2) -> 175.09 | I77: =TRUNC((H77*(1+'DADOS GERAIS'!C$19)),2) -> 219.24 | J77: =TRUNC(G77*I77,2) -> 2988.24 | K77: =J77/$J$1092 -> 0.0002740001 | L77: 175.09
B78: 2.3.5 | C78: 96534 | D78: SINAPI | E78: FABRICAÇÃO, MONTAGEM E DESMONTAGEM DE FÔRMA PARA BLOCO DE COROAMENTO, EM MADEIRA SERRADA, E=25 MM, 4 UTILIZAÇÕES. AF_01/2024 | F78: m² | G78: 91.24 | H78: =TRUNC(L78*(1-$C$13),2) -> 74.53 | I78: =TRUNC((H78*(1+'DADOS GERAIS'!C$19)),2) -> 93.32 | J78: =TRUNC(G78*I78,2) -> 8514.51 | K78: =J78/$J$1092 -> 0.0007807193 | L78: 74.53
B79: 2.3.6 | C79: 96543 | D79: SINAPI | E79: ARMAÇÃO DE BLOCO UTILIZANDO AÇO CA-60 DE 5 MM - MONTAGEM. AF_01/2024 | F79: KG | G79: 211.3 | H79: =TRUNC(L79*(1-$C$13),2) -> 20.1 | I79: =TRUNC((H79*(1+'DADOS GERAIS'!C$19)),2) -> 25.16 | J79: =TRUNC(G79*I79,2) -> 5316.3 | K79: =J79/$J$1092 -> 0.00048746645 | L79: 20.1
B80: 2.3.7 | C80: 96545 | D80: SINAPI | E80: ARMAÇÃO DE BLOCO UTILIZANDO AÇO CA-50 DE 8 MM - MONTAGEM. AF_01/2024 | F80: KG | G80: 154.6 | H80: =TRUNC(L80*(1-$C$13),2) -> 16.18 | I80: =TRUNC((H80*(1+'DADOS GERAIS'!C$19)),2) -> 20.26 | J80: =TRUNC(G80*I80,2) -> 3132.19 | K80: =J80/$J$1092 -> 0.00028719928 | L80: 16.18
B81: 2.3.8 | C81: 96546 | D81: SINAPI | E81: ARMAÇÃO DE BLOCO UTILIZANDO AÇO CA-50 DE 10 MM - MONTAGEM. AF_01/2024 | F81: KG | G81: 157.4 | H81: =TRUNC(L81*(1-$C$13),2) -> 14.1 | I81: =TRUNC((H81*(1+'DADOS GERAIS'!C$19)),2) -> 17.65 | J81: =TRUNC(G81*I81,2) -> 2778.11 | K81: =J81/$J$1092 -> 0.0002547327 | L81: 14.1
B82: 2.3.9 | C82: 104920 | D82: SINAPI | E82: ARMAÇÃO DE BLOCO, SAPATA ISOLADA, VIGA BALDRAME E SAPATA CORRIDA UTILIZANDO AÇO CA-50 DE 12,5 MM - MONTAGEM. AF_01/2024 | F82: KG | G82: 164.2 | H82: =TRUNC(L82*(1-$C$13),2) -> 10.82 | I82: =TRUNC((H82*(1+'DADOS GERAIS'!C$19)),2) -> 13.54 | J82: =TRUNC(G82*I82,2) -> 2223.26 | K82: =J82/$J$1092 -> 0.00020385694 | L82: 10.82
B83: 2.3.10 | C83: 104921 | D83: SINAPI | E83: ARMAÇÃO DE BLOCO, SAPATA ISOLADA, VIGA BALDRAME E SAPATA CORRIDA UTILIZANDO AÇO CA-50 DE 16 MM - MONTAGEM. AF_01/2024 | F83: KG | G83: 361.6 | H83: =TRUNC(L83*(1-$C$13),2) -> 10.16 | I83: =TRUNC((H83*(1+'DADOS GERAIS'!C$19)),2) -> 12.72 | J83: =TRUNC(G83*I83,2) -> 4599.55 | K83: =J83/$J$1092 -> 0.00042174564 | L83: 10.16
B84: 2.3.11 | C84: CPU2096 | D84: Próprio | E84: CONCRETAGEM DE BLOCOS DE COROAMENTO E VIGAS BALDRAMES, FCK 35 MPA, COM USO DE BOMBA  LANÇAMENTO, ADENSAMENTO E ACABAMENTO | F84: m³ | G84: 13.48 | H84: =TRUNC(L84*(1-$C$13),2) -> 757.43 | I84: =TRUNC((H84*(1+'DADOS GERAIS'!C$19)),2) -> 948.44 | J84: =TRUNC(G84*I84,2) -> 12784.97 | K84: =J84/$J$1092 -> 0.0011722897 | L84: 757.43
B85: 2.3.12 | C85: 100574 | D85: SINAPI | E85: ESPALHAMENTO DE MATERIAL COM TRATOR DE ESTEIRAS. AF_09/2024 | F85: m³ | G85: 62.112 | H85: =TRUNC(L85*(1-$C$13),2) -> 1.45 | I85: =TRUNC((H85*(1+'DADOS GERAIS'!C$19)),2) -> 1.81 | J85: =TRUNC(G85*I85,2) -> 112.42 | K85: =J85/$J$1092 -> 1.0308105e-05 | L85: 1.45
B86: 2.3.13 | C86: 93382 | D86: SINAPI | E86: REATERRO MANUAL DE VALAS, COM COMPACTADOR DE SOLOS DE PERCUSSÃO. AF_08/2023 | F86: m³ | G86: 101.42 | H86: =TRUNC(L86*(1-$C$13),2) -> 29.12 | I86: =TRUNC((H86*(1+'DADOS GERAIS'!C$19)),2) -> 36.46 | J86: =TRUNC(G86*I86,2) -> 3697.77 | K86: =J86/$J$1092 -> 0.0003390589 | L86: 29.12
B87: 2.3.14 | C87: 98557 | D87: SINAPI | E87: IMPERMEABILIZAÇÃO DE SUPERFÍCIE COM EMULSÃO ASFÁLTICA, 2 DEMÃOS. AF_09/2023 | F87: m² | G87: 91.24 | H87: =TRUNC(L87*(1-$C$13),2) -> 45.91 | I87: =TRUNC((H87*(1+'DADOS GERAIS'!C$19)),2) -> 57.48 | J87: =TRUNC(G87*I87,2) -> 5244.47 | K87: =J87/$J$1092 -> 0.00048088016 | L87: 45.91
B88: 2.3.15 | C88: CPU2532 | D88: Próprio | E88: CONTROLE TECNOLOGICO DE CONCRETOS | F88: m³ | G88: 13.48 | H88: =TRUNC(L88*(1-$C$13),2) -> 105.02 | I88: =TRUNC((H88*(1+'DADOS GERAIS'!C$19)),2) -> 131.5 | J88: =TRUNC(G88*I88,2) -> 1772.62 | K88: =J88/$J$1092 -> 0.0001625365 | L88: 105.02
B89: 3 | E89: ESTRUTURA | J89: =J90+J129+J147+J192+J218+J250+J275+J300+J325+J346 -> 2605036.1 | K89: =J89/$J$1092 -> 0.23886307
B90: 3.1 | E90: EDIFICAÇÃO PRINCIPAL | J90: =J91+J101+J112+J126 -> 1351146.3 | K90: =J90/$J$1092 -> 0.12389039
B91: 3.1.1 | E91: PILARES | J91: =SUM(J92:J100) -> 162245.32 | K91: =J91/$J$1092 -> 0.014876728
B92: 3.1.1.1 | C92: 92429 | D92: SINAPI | E92: MONTAGEM E DESMONTAGEM DE FÔRMA DE PILARES RETANGULARES E ESTRUTURAS SIMILARES, PÉ-DIREITO DUPLO, EM CHAPA DE MADEIRA COMPENSADA RESINADA, 8 UTILIZAÇÕES. AF_09/2020 | F92: m² | G92: 617.9 | H92: =TRUNC(L92*(1-$C$13),2) -> 84.3 | I92: =TRUNC((H92*(1+'DADOS GERAIS'!C$19)),2) -> 105.55 | J92: =TRUNC(G92*I92,2) -> 65219.34 | K92: =J92/$J$1092 -> 0.0059801442 | L92: 84.3
B93: 3.1.1.2 | C93: 92760 | D93: SINAPI | E93: ARMAÇÃO DE PILAR OU VIGA DE ESTRUTURA CONVENCIONAL DE CONCRETO ARMADO UTILIZANDO AÇO CA-50 DE 6,3 MM - MONTAGEM. AF_06/2022 | F93: KG | G93: 93 | H93: =TRUNC(L93*(1-$C$13),2) -> 13.22 | I93: =TRUNC((H93*(1+'DADOS GERAIS'!C$19)),2) -> 16.55 | J93: =TRUNC(G93*I93,2) -> 1539.15 | K93: =J93/$J$1092 -> 0.00014112898 | L93: 13.22
B94: 3.1.1.3 | C94: 92762 | D94: SINAPI | E94: ARMAÇÃO DE PILAR OU VIGA DE ESTRUTURA CONVENCIONAL DE CONCRETO ARMADO UTILIZANDO AÇO CA-50 DE 10,0 MM - MONTAGEM. AF_06/2022 | F94: KG | G94: 1552 | H94: =TRUNC(L94*(1-$C$13),2) -> 11.03 | I94: =TRUNC((H94*(1+'DADOS GERAIS'!C$19)),2) -> 13.81 | J94: =TRUNC(G94*I94,2) -> 21433.12 | K94: =J94/$J$1092 -> 0.0019652629 | L94: 11.03
B95: 3.1.1.4 | C95: 92763 | D95: SINAPI | E95: ARMAÇÃO DE PILAR OU VIGA DE ESTRUTURA CONVENCIONAL DE CONCRETO ARMADO UTILIZANDO AÇO CA-50 DE 12,5 MM - MONTAGEM. AF_06/2022 | F95: KG | G95: 340.5 | H95: =TRUNC(L95*(1-$C$13),2) -> 9.25 | I95: =TRUNC((H95*(1+'DADOS GERAIS'!C$19)),2) -> 11.58 | J95: =TRUNC(G95*I95,2) -> 3942.99 | K95: =J95/$J$1092 -> 0.00036154381 | L95: 9.25
B96: 3.1.1.5 | C96: 92764 | D96: SINAPI | E96: ARMAÇÃO DE PILAR OU VIGA DE ESTRUTURA CONVENCIONAL DE CONCRETO ARMADO UTILIZANDO AÇO CA-50 DE 16,0 MM - MONTAGEM. AF_06/2022 | F96: KG | G96: 637.5 | H96: =TRUNC(L96*(1-$C$13),2) -> 8.94 | I96: =TRUNC((H96*(1+'DADOS GERAIS'!C$19)),2) -> 11.19 | J96: =TRUNC(G96*I96,2) -> 7133.62 | K96: =J96/$J$1092 -> 0.00065410162 | L96: 8.94
B97: 3.1.1.6 | C97: 92765 | D97: SINAPI | E97: ARMAÇÃO DE PILAR OU VIGA DE ESTRUTURA CONVENCIONAL DE CONCRETO ARMADO UTILIZANDO AÇO CA-50 DE 20,0 MM - MONTAGEM. AF_06/2022 | F97: KG | G97: 56.5 | H97: =TRUNC(L97*(1-$C$13),2) -> 10.2 | I97: =TRUNC((H97*(1+'DADOS GERAIS'!C$19)),2) -> 12.77 | J97: =TRUNC(G97*I97,2) -> 721.5 | K97: =J97/$J$1092 -> 6.6156358e-05 | L97: 10.2
B98: 3.1.1.7 | C98: 92759 | D98: SINAPI | E98: ARMAÇÃO DE PILAR OU VIGA DE ESTRUTURA CONVENCIONAL DE CONCRETO ARMADO UTILIZANDO AÇO CA-60 DE 5,0 MM - MONTAGEM. AF_06/2022 | F98: KG | G98: 936.6 | H98: =TRUNC(L98*(1-$C$13),2) -> 14.08 | I98: =TRUNC((H98*(1+'DADOS GERAIS'!C$19)),2) -> 17.63 | J98: =TRUNC(G98*I98,2) -> 16512.25 | K98: =J98/$J$1092 -> 0.0015140545 | L98: 14.08
B99: 3.1.1.8 | C99: CPU2097 | D99: Próprio | E99: CONCRETAGEM DE PILARES, FCK = 35 MPA, COM USO DE BOMBA - LANÇAMENTO, ADENSAMENTO E ACABAMENTO. AF_02/2022_PS | F99: m³ | G99: 42.8 | H99: =TRUNC(L99*(1-$C$13),2) -> 748.51 | I99: =TRUNC((H99*(1+'DADOS GERAIS'!C$19)),2) -> 937.27 | J99: =TRUNC(G99*I99,2) -> 40115.15 | K99: =J99/$J$1092 -> 0.0036782706 | L99: 748.51
B100: 3.1.1.9 | C100: CPU2532 | D100: Próprio | E100: CONTROLE TECNOLOGICO DE CONCRETOS | F100: m³ | G100: 42.8 | H100: =TRUNC(L100*(1-$C$13),2) -> 105.02 | I100: =TRUNC((H100*(1+'DADOS GERAIS'!C$19)),2) -> 131.5 | J100: =TRUNC(G100*I100,2) -> 5628.2 | K100: =J100/$J$1092 -> 0.00051606544 | L100: 105.02
B101: 3.1.2 | E101: VIGAS | J101: =SUM(J102:J111) -> 417657.49 | K101: =J101/$J$1092 -> 0.038296186
B102: 3.1.2.1 | C102: 92465 | D102: SINAPI | E102: MONTAGEM E DESMONTAGEM DE FÔRMA DE VIGA, ESCORAMENTO COM GARFO DE MADEIRA, PÉ-DIREITO DUPLO, EM CHAPA DE MADEIRA PLASTIFICADA, 10 UTILIZAÇÕES. AF_09/2020 | F102: m² | G102: 933.4 | H102: =TRUNC(L102*(1-$C$13),2) -> 158.02 | I102: =TRUNC((H102*(1+'DADOS GERAIS'!C$19)),2) -> 197.87 | J102: =TRUNC(G102*I102,2) -> 184691.85 | K102: =J102/$J$1092 -> 0.016934914 | L102: 158.02
B103: 3.1.2.2 | C103: 92760 | D103: SINAPI | E103: ARMAÇÃO DE PILAR OU VIGA DE ESTRUTURA CONVENCIONAL DE CONCRETO ARMADO UTILIZANDO AÇO CA-50 DE 6,3 MM - MONTAGEM. AF_06/2022 | F103: KG | G103: 478.3 | H103: =TRUNC(L103*(1-$C$13),2) -> 13.22 | I103: =TRUNC((H103*(1+'DADOS GERAIS'!C$19)),2) -> 16.55 | J103: =TRUNC(G103*I103,2) -> 7915.86 | K103: =J103/$J$1092 -> 0.0007258274 | L103: 13.22
B104: 3.1.2.3 | C104: 92761 | D104: SINAPI | E104: ARMAÇÃO DE PILAR OU VIGA DE ESTRUTURA CONVENCIONAL DE CONCRETO ARMADO UTILIZANDO AÇO CA-50 DE 8,0 MM - MONTAGEM. AF_06/2022 | F104: KG | G104: 1633.1 | H104: =TRUNC(L104*(1-$C$13),2) -> 12.39 | I104: =TRUNC((H104*(1+'DADOS GERAIS'!C$19)),2) -> 15.51 | J104: =TRUNC(G104*I104,2) -> 25329.38 | K104: =J104/$J$1092 -> 0.0023225219 | L104: 12.39
B105: 3.1.2.4 | C105: 92762 | D105: SINAPI | E105: ARMAÇÃO DE PILAR OU VIGA DE ESTRUTURA CONVENCIONAL DE CONCRETO ARMADO UTILIZANDO AÇO CA-50 DE 10,0 MM - MONTAGEM. AF_06/2022 | F105: KG | G105: 1377.3 | H105: =TRUNC(L105*(1-$C$13),2) -> 11.03 | I105: =TRUNC((H105*(1+'DADOS GERAIS'!C$19)),2) -> 13.81 | J105: =TRUNC(G105*I105,2) -> 19020.51 | K105: =J105/$J$1092 -> 0.0017440439 | L105: 11.03
B106: 3.1.2.5 | C106: 92763 | D106: SINAPI | E106: ARMAÇÃO DE PILAR OU VIGA DE ESTRUTURA CONVENCIONAL DE CONCRETO ARMADO UTILIZANDO AÇO CA-50 DE 12,5 MM - MONTAGEM. AF_06/2022 | F106: KG | G106: 2314.7 | H106: =TRUNC(L106*(1-$C$13),2) -> 9.25 | I106: =TRUNC((H106*(1+'DADOS GERAIS'!C$19)),2) -> 11.58 | J106: =TRUNC(G106*I106,2) -> 26804.22 | K106: =J106/$J$1092 -> 0.0024577541 | L106: 9.25
B107: 3.1.2.6 | C107: 92764 | D107: SINAPI | E107: ARMAÇÃO DE PILAR OU VIGA DE ESTRUTURA CONVENCIONAL DE CONCRETO ARMADO UTILIZANDO AÇO CA-50 DE 16,0 MM - MONTAGEM. AF_06/2022 | F107: KG | G107: 1310.5 | H107: =TRUNC(L107*(1-$C$13),2) -> 8.94 | I107: =TRUNC((H107*(1+'DADOS GERAIS'!C$19)),2) -> 11.19 | J107: =TRUNC(G107*I107,2) -> 14664.49 | K107: =J107/$J$1092 -> 0.0013446282 | L107: 8.94
B108: 3.1.2.7 | C108: 92765 | D108: SINAPI | E108: ARMAÇÃO DE PILAR OU VIGA DE ESTRUTURA CONVENCIONAL DE CONCRETO ARMADO UTILIZANDO AÇO CA-50 DE 20,0 MM - MONTAGEM. AF_06/2022 | F108: KG | G108: 395.5 | H108: =TRUNC(L108*(1-$C$13),2) -> 10.2 | I108: =TRUNC((H108*(1+'DADOS GERAIS'!C$19)),2) -> 12.77 | J108: =TRUNC(G108*I108,2) -> 5050.53 | K108: =J108/$J$1092 -> 0.00046309726 | L108: 10.2
...

Sheet CFF
B2: CRONOGRAMA FÍSICO – FINANCEIRO
G4: ='DADOS GERAIS'!B8 -> Secretaria de Atenção Especializada à Saúde
G5: Centro Especializado em Reabilitação
B10: ITEM | C10: DESCRIÇÃO | D10: PREÇO | E10: % | F10: Mês 1 | G10: Mês 2 | H10: Mês 3 | I10: Mês 4 | J10: Mês 5 | K10: Mês 6 | L10: Mês 7 | M10: Mês 8 | N10: Mês 9 | O10: Mês 10 | P10: Mês 11 | Q10: Mês 12
B12: 1 | C12: =VLOOKUP(B12,'ORC. SINTÉTICO'!B:K,4,FALSE()) -> SERVIÇOS PRELIMINARES E INDIRETOS | D12: =VLOOKUP(B12,'ORC. SINTÉTICO'!B:K,9,FALSE()) -> 541761.49 | E12: =D12/$D$56 -> 0.04967563 | F12: =F13*$D$12 -> 330474.51 | G12: =G13*$D$12 -> 18961.652 | H12: =H13*$D$12 -> 18961.652 | I12: =I13*$D$12 -> 18961.652 | J12: =J13*$D$12 -> 18961.652 | K12: =K13*$D$12 -> 18961.652 | L12: =L13*$D$12 -> 18961.652 | M12: =M13*$D$12 -> 18961.652 | ... Q12: =Q13*$D$12 -> 21670.46 | U12: =SUM(F12:S12) -> 541761.49 | V12: =U12-D12 -> 0
F13: 0.61 | G13: 0.035 | H13: 0.035 | I13: 0.035 | J13: 0.035 | K13: 0.035 | L13: 0.035 | M13: 0.035 | N13: 0.035 | O13: 0.035 | P13: 0.035 | Q13: 0.04 | U13: =SUM(F13:S13) -> 1
B14: 2 | C14: =VLOOKUP(B14,'ORC. SINTÉTICO'!B:K,4,FALSE()) -> FUNDAÇÃO | D14: =VLOOKUP(B14,'ORC. SINTÉTICO'!B:K,9,FALSE()) -> 1012449.4 | E14: =D14/$D$56 -> 0.092834324 | F14: =F15*$D$14 -> 50622.47 | G14: =G15*$D$14 -> 253112.35 | H14: =H15*$D$14 -> 253112.35 | I14: =I15*$D$14 -> 253112.35 | J14: =J15*$D$14 -> 202489.88 | U14: =SUM(F14:S14) -> 1012449.4 | V14: =U14-D14 -> 0
F15: 0.05 | G15: 0.25 | H15: 0.25 | I15: 0.25 | J15: 0.2 | U15: =SUM(F15:S15) -> 1
B16: 3 | C16: =VLOOKUP(B16,'ORC. SINTÉTICO'!B:K,4,FALSE()) -> ESTRUTURA | D16: =VLOOKUP(B16,'ORC. SINTÉTICO'!B:K,9,FALSE()) -> 2605036.1 | E16: =D16/$D$56 -> 0.23886307 | G16: =G17*$D$16 -> 130251.81 | H16: =H17*$D$16 -> 260503.61 | I16: =I17*$D$16 -> 390755.42 | J16: =J17*$D$16 -> 390755.42 | K16: =K17*$D$16 -> 651259.04 | L16: =L17*$D$16 -> 651259.04 | M16: =M17*$D$16 -> 130251.81 | U16: =SUM(F16:S16) -> 2605036.1 | V16: =U16-D16 -> 0
G17: 0.05 | H17: 0.1 | I17: 0.15 | J17: 0.15 | K17: 0.25 | L17: 0.25 | M17: 0.05 | U17: =SUM(F17:S17) -> 1
B18: 4 | C18: =VLOOKUP(B18,'ORC. SINTÉTICO'!B:K,4,FALSE()) -> ALVENARIA, VEDAÇÕES E DIVISÓRIAS | D18: =VLOOKUP(B18,'ORC. SINTÉTICO'!B:K,9,FALSE()) -> 571052.95 | E18: =D18/$D$56 -> 0.052361446 | I18: =I19*$D$18 -> 57105.295 | J18: =J19*$D$18 -> 114210.59 | K18: =K19*$D$18 -> 142763.24 | L18: =L19*$D$18 -> 114210.59 | M18: =M19*$D$18 -> 85657.943 | N18: =N19*$D$18 -> 57105.295 | U18: =SUM(F18:S18) -> 571052.95 | V18: =U18-D18 -> 0
I19: 0.1 | J19: 0.2 | K19: 0.25 | L19: 0.2 | M19: 0.15 | N19: 0.1 | U19: =SUM(F19:S19) -> 1
B20: 5 | C20: =VLOOKUP(B20,'ORC. SINTÉTICO'!B:K,4,FALSE()) -> COBERTURA | D20: =VLOOKUP(B20,'ORC. SINTÉTICO'!B:K,9,FALSE()) -> 707826.4 | E20: =D20/$D$56 -> 0.064902587 | J20: =J21*$D$20 -> 70782.64 | K20: =K21*$D$20 -> 70782.64 | L20: =L21*$D$20 -> 141565.28 | M20: =M21*$D$20 -> 247739.24 | N20: =N21*$D$20 -> 176956.6 | U20: =SUM(F20:S20) -> 707826.4 | V20: =U20-D20 -> 0
J21: 0.1 | K21: 0.1 | L21: 0.2 | M21: 0.35 | N21: 0.25 | U21: =SUM(F21:S21) -> 1
B22: 6 | C22: =VLOOKUP(B22,'ORC. SINTÉTICO'!B:K,4,FALSE()) -> COMPARTIMENTO RESERVATÓRIO (ALVENARIA E ACABAMENTOS) | D22: =VLOOKUP(B22,'ORC. SINTÉTICO'!B:K,9,FALSE()) -> 17338.07 | E22: =D22/$D$56 -> 0.0015897763 | M22: =M23*$D$22 -> 8669.035 | N22: =N23*$D$22 -> 8669.035 | U22: =SUM(F22:S22) -> 17338.07 | V22: =U22-D22 -> 0
M23: 0.5 | N23: 0.5 | U23: =SUM(F23:S23) -> 1
B24: 7 | C24: =VLOOKUP(B24,'ORC. SINTÉTICO'!B:K,4,FALSE()) -> ESQUADRIAS E GUARDA-CORPOS | D24: =VLOOKUP(B24,'ORC. SINTÉTICO'!B:K,9,FALSE()) -> 754146.81 | E24: =D24/$D$56 -> 0.069149836 | L24: =L25*$D$24 -> 75414.681 | M24: =M25*$D$24 -> 263951.38 | N24: =N25*$D$24 -> 263951.38 | O24: =O25*$D$24 -> 37707.34 | P24: =P25*$D$24 -> 37707.34 | Q24: =Q25*$D$24 -> 75414.681 | U24: =SUM(F24:S24) -> 754146.81 | V24: =U24-D24 -> 0
L25: 0.1 | M25: 0.35 | N25: 0.35 | O25: 0.05 | P25: 0.05 | Q25: 0.1 | U25: =SUM(F25:S25) -> 1
B26: 8 | C26: =VLOOKUP(B26,'ORC. SINTÉTICO'!B:K,4,FALSE()) -> REVESTIMENTO DE PAREDE | D26: =VLOOKUP(B26,'ORC. SINTÉTICO'!B:K,9,FALSE()) -> 273332.04 | E26: =D26/$D$56 -> 0.025062581 | L26: =L27*$D$26 -> 27333.204 | M26: =M27*$D$26 -> 109332.82 | N26: =N27*$D$26 -> 109332.82 | O26: =O27*$D$26 -> 27333.204 | U26: =SUM(F26:S26) -> 273332.04 | V26: =U26-D26 -> 0
L27: 0.1 | M27: 0.4 | N27: 0.4 | O27: 0.1 | U27: =SUM(F27:S27) -> 1
B28: 9 | C28: =VLOOKUP(B28,'ORC. SINTÉTICO'!B:K,4,FALSE()) -> REVESTIMENTO DE PISO INTERNO | D28: =VLOOKUP(B28,'ORC. SINTÉTICO'!B:K,9,FALSE()) -> 562686.42 | E28: =D28/$D$56 -> 0.051594296 | M28: =M29*$D$28 -> 225074.57 | N28: =N29*$D$28 -> 168805.93 | O28: =O29*$D$28 -> 112537.28 | P28: =P29*$D$28 -> 56268.642 | U28: =SUM(F28:S28) -> 562686.42 | V28: =U28-D28 -> 0
M29: 0.4 | N29: 0.3 | O29: 0.2 | P29: 0.1 | U29: =SUM(F29:S29) -> 1
B30: 10 | C30: =VLOOKUP(B30,'ORC. SINTÉTICO'!B:K,4,FALSE()) -> REVESTIMENTO DE PISO EXTERNO | D30: =VLOOKUP(B30,'ORC. SINTÉTICO'!B:K,9,FALSE()) -> 413536.25 | E30: =D30/$D$56 -> 0.037918298 | N30: =N31*$D$30 -> 62030.438 | O30: =O31*$D$30 -> 82707.25 | P30: =P31*$D$30 -> 124060.88 | Q30: =Q31*$D$30 -> 144737.69 | U30: =SUM(F30:S30) -> 413536.25 | V30: =U30-D30 -> 0
N31: 0.15 | O31: 0.2 | P31: 0.3 | Q31: 0.35 | U31: =SUM(F31:S31) -> 1
B32: 11 | C32: =VLOOKUP(B32,'ORC. SINTÉTICO'!B:K,4,FALSE()) -> REVESTIMENTO DE TETO | D32: =VLOOKUP(B32,'ORC. SINTÉTICO'!B:K,9,FALSE()) -> 200244.31 | E32: =D32/$D$56 -> 0.018360962 | L32: =L33*$D$32 -> 80097.724 | M32: =M33*$D$32 -> 80097.724 | N32: =N33*$D$32 -> 40048.862 | U32: =SUM(F32:S32) -> 200244.31 | V32: =U32-D32 -> 0
L33: 0.4 | M33: 0.4 | N33: 0.2 | U33: =SUM(F33:S33) -> 1
B34: 12 | C34: =VLOOKUP(B34,'ORC. SINTÉTICO'!B:K,4,FALSE()) -> FACHADA | D34: =VLOOKUP(B34,'ORC. SINTÉTICO'!B:K,9,FALSE()) -> 44220.89 | E34: =D34/$D$56 -> 0.0040547374 | P34: =P35*$D$34 -> 2211.0445 | Q34: =Q35*$D$34 -> 42009.846 | U34: =SUM(F34:S34) -> 44220.89 | V34: =U34-D34 -> 0
P35: 0.05 | Q35: 0.95 | U35: =SUM(F35:S35) -> 1
B36: 13 | C36: =VLOOKUP(B36,'ORC. SINTÉTICO'!B:K,4,FALSE()) -> PINTURA | D36: =VLOOKUP(B36,'ORC. SINTÉTICO'!B:K,9,FALSE()) -> 387023.46 | E36: =D36/$D$56 -> 0.035487266 | O36: =O37*$D$36 -> 116107.04 | P36: =P37*$D$36 -> 193511.73 | Q36: =Q37*$D$36 -> 77404.692 | U36: =SUM(F36:S36) -> 387023.46 | V36: =U36-D36 -> 0
O37: 0.3 | P37: 0.5 | Q37: 0.2 | U37: =SUM(F37:S37) -> 1
B38: 14 | C38: =VLOOKUP(B38,'ORC. SINTÉTICO'!B:K,4,FALSE()) -> MARMORARIA | D38: =VLOOKUP(B38,'ORC. SINTÉTICO'!B:K,9,FALSE()) -> 69966.9 | E38: =D38/$D$56 -> 0.0064154612 | O38: =O39*$D$38 -> 6996.69 | P38: =P39*$D$38 -> 27986.76 | Q38: =Q39*$D$38 -> 34983.45 | U38: =SUM(F38:S38) -> 69966.9 | V38: =U38-D38 -> 0
O39: 0.1 | P39: 0.4 | Q39: 0.5 | U39: =SUM(F39:S39) -> 1
B40: 15 | C40: =VLOOKUP(B40,'ORC. SINTÉTICO'!B:K,4,FALSE()) -> LOUÇAS, METAIS E ACESSÓRIOS | D40: =VLOOKUP(B40,'ORC. SINTÉTICO'!B:K,9,FALSE()) -> 153149.27 | E40: =D40/$D$56 -> 0.014042686 | O40: =O41*$D$40 -> 15314.927 | P40: =P41*$D$40 -> 61259.708 | Q40: =Q41*$D$40 -> 76574.635 | U40: =SUM(F40:S40) -> 153149.27 | V40: =U40-D40 -> 0
O41: 0.1 | P41: 0.4 | Q41: 0.5 | U41: =SUM(F41:S41) -> 1
B42: 16 | C42: =VLOOKUP(B42,'ORC. SINTÉTICO'!B:K,4,FALSE()) -> INSTALAÇÕES HIDROSSANITÁRIAS E PPCI | D42: =VLOOKUP(B42,'ORC. SINTÉTICO'!B:K,9,FALSE()) -> 470449.53 | E42: =D42/$D$56 -> 0.043136837 | F42: =F43*$D$42 -> 23522.477 | G42: =G43*$D$42 -> 23522.477 | H42: =H43*$D$42 -> 23522.477 | I42: =I43*$D$42 -> 23522.477 | J42: =J43*$D$42 -> 23522.477 | K42: =K43*$D$42 -> 23522.477 | L42: =L43*$D$42 -> 47044.953 | M42: =M43*$D$42 -> 47044.953 | ... Q42: =Q43*$D$42 -> 94089.906 | U42: =SUM(F42:S42) -> 470449.53 | V42: =U42-D42 -> 0
F43: 0.05 | G43: 0.05 | H43: 0.05 | I43: 0.05 | J43: 0.05 | K43: 0.05 | L43: 0.1 | M43: 0.1 | N43: 0.1 | O43: 0.1 | P43: 0.1 | Q43: 0.2 | U43: =SUM(F43:S43) -> 1
B44: 17 | C44: =VLOOKUP(B44,'ORC. SINTÉTICO'!B:K,4,FALSE()) -> INSTALAÇÕES ELÉTRICAS | D44: =VLOOKUP(B44,'ORC. SINTÉTICO'!B:K,9,FALSE()) -> 708550.13 | E44: =D44/$D$56 -> 0.064968948 | H44: =H45*$D$44 -> 35427.507 | I44: =I45*$D$44 -> 35427.507 | J44: =J45*$D$44 -> 35427.507 | K44: =K45*$D$44 -> 35427.507 | L44: =L45*$D$44 -> 70855.013 | M44: =M45*$D$44 -> 70855.013 | N44: =N45*$D$44 -> 70855.013 | O44: =O45*$D$44 -> 106282.52 | ... Q44: =Q45*$D$44 -> 113368.02 | U44: =SUM(F44:S44) -> 708550.13 | V44: =U44-D44 -> 0
H45: 0.05 | I45: 0.05 | J45: 0.05 | K45: 0.05 | L45: 0.1 | M45: 0.1 | N45: 0.1 | O45: 0.15 | P45: 0.19 | Q45: 0.16 | U45: =SUM(F45:S45) -> 1
B46: 18 | C46: =VLOOKUP(B46,'ORC. SINTÉTICO'!B:K,4,FALSE()) -> CLIMATIZAÇÃO | D46: =VLOOKUP(B46,'ORC. SINTÉTICO'!B:K,9,FALSE()) -> 395781.06 | E46: =D46/$D$56 -> 0.036290275 | K46: =K47*$D$46 -> 39578.106 | L46: =L47*$D$46 -> 158312.42 | M46: =M47*$D$46 -> 158312.42 | N46: =N47*$D$46 -> 39578.106 | U46: =SUM(F46:S46) -> 395781.06 | V46: =U46-D46 -> 0
K47: 0.1 | L47: 0.4 | M47: 0.4 | N47: 0.1 | U47: =SUM(F47:S47) -> 1
B48: 19 | C48: =VLOOKUP(B48,'ORC. SINTÉTICO'!B:K,4,FALSE()) -> DADOS E VOZ | D48: =VLOOKUP(B48,'ORC. SINTÉTICO'!B:K,9,FALSE()) -> 74904.26 | E48: =D48/$D$56 -> 0.0068681816 | J48: =J49*$D$48 -> 7490.426 | K48: =K49*$D$48 -> 7490.426 | L48: =L49*$D$48 -> 11235.639 | M48: =M49*$D$48 -> 11235.639 | N48: =N49*$D$48 -> 11235.639 | O48: =O49*$D$48 -> 11235.639 | P48: =P49*$D$48 -> 7490.426 | Q48: =Q49*$D$48 -> 7490.426 | U48: =SUM(F48:S48) -> 74904.26 | V48: =U48-D48 -> 0
J49: 0.1 | K49: 0.1 | L49: 0.15 | M49: 0.15 | N49: 0.15 | O49: 0.15 | P49: 0.1 | Q49: 0.1 | U49: =SUM(F49:S49) -> 1
B50: 20 | C50: =VLOOKUP(B50,'ORC. SINTÉTICO'!B:K,4,FALSE()) -> URBANIZAÇÃO | D50: =VLOOKUP(B50,'ORC. SINTÉTICO'!B:K,9,FALSE()) -> 402742.34 | E50: =D50/$D$56 -> 0.036928574 | O50: =O51*$D$50 -> 40274.234 | P50: =P51*$D$50 -> 40274.234 | Q50: =Q51*$D$50 -> 322193.87 | U50: =SUM(F50:S50) -> 402742.34 | V50: =U50-D50 -> 0
O51: 0.1 | P51: 0.1 | Q51: 0.8 | U51: =SUM(F51:S51) -> 1
B52: 21 | C52: =VLOOKUP(B52,'ORC. SINTÉTICO'!B:K,4,FALSE()) -> SERVIÇOS COMPLEMENTARES (LIMPEZA GERAL) | D52: =VLOOKUP(B52,'ORC. SINTÉTICO'!B:K,9,FALSE()) -> 17957.31 | E52: =D52/$D$56 -> 0.0016465561 | F52: =F53*$D$52 -> 897.8655 | G52: =G53*$D$52 -> 897.8655 | H52: =H53*$D$52 -> 897.8655 | I52: =I53*$D$52 -> 897.8655 | J52: =J53*$D$52 -> 897.8655 | K52: =K53*$D$52 -> 897.8655 | L52: =L53*$D$52 -> 897.8655 | M52: =M53*$D$52 -> 897.8655 | ... Q52: =Q53*$D$52 -> 8080.7895 | U52: =SUM(F52:S52) -> 17957.31 | V52: =U52-D52 -> 0
F53: 0.05 | G53: 0.05 | H53: 0.05 | I53: 0.05 | J53: 0.05 | K53: 0.05 | L53: 0.05 | M53: 0.05 | N53: 0.05 | O53: 0.05 | P53: 0.05 | Q53: 0.45 | U53: =SUM(F53:S53) -> 1
B54: 22 | C54: =VLOOKUP(B54,'ORC. SINTÉTICO'!B:K,4,FALSE()) -> ATUALIZAÇÃO - PROJETO ELÉTRICO - GPPE | D54: =VLOOKUP(B54,'ORC. SINTÉTICO'!B:K,9,FALSE()) -> 521825.8 | E54: =D54/$D$56 -> 0.047847671 | H54: =H55*$D$54 -> 26091.29 | I54: =I55*$D$54 -> 26091.29 | J54: =J55*$D$54 -> 26091.29 | K54: =K55*$D$54 -> 26091.29 | L54: =L55*$D$54 -> 52182.58 | M54: =M55*$D$54 -> 52182.58 | N54: =N55*$D$54 -> 52182.58 | O54: =O55*$D$54 -> 78273.87 | ... Q54: =Q55*$D$54 -> 83492.128 | U54: =SUM(F54:S54) -> 521825.8 | V54: =U54-D54 -> 0
H55: 0.05 | I55: 0.05 | J55: 0.05 | K55: 0.05 | L55: 0.1 | M55: 0.1 | N55: 0.1 | O55: 0.15 | P55: 0.19 | Q55: 0.16 | U55: =SUM(F55:S55) -> 1
B56: TOTAL | D56: =SUM(D12:D55) -> 10905981 | E56: =SUM(E12,E14,E16,E18,E20,E22,E24,E26,E28,E30,E32,E34,E36,E40,E42,E44,E46,E48,E50,E52,E38,E54,#REF!) -> #REF! | F56: =SUM(F12,F14,F16,F18,F20,F22,F24,F26,F28,F30,F32,F34,F36,F40,F42,F44,F46,F48,F50,F52,F38,F54) -> 405517.32 | G56: =SUM(G12,G14,G16,G18,G20,G22,G24,G26,G28,G30,G32,G34,G36,G40,G42,G44,G46,G48,G50,G52,G38,G54) -> 426746.15 | H56: =SUM(H12,H14,H16,H18,H20,H22,H24,H26,H28,H30,H32,H34,H36,H40,H42,H44,H46,H48,H50,H52,H38,H54) -> 618516.76 | I56: =SUM(I12,I14,I16,I18,I20,I22,I24,I26,I28,I30,I32,I34,I36,I40,I42,I44,I46,I48,I50,I52,I38,I54) -> 805873.86 | J56: =SUM(J12,J14,J16,J18,J20,J22,J24,J26,J28,J30,J32,J34,J36,J40,J42,J44,J46,J48,J50,J52,J38,J54) -> 890629.75 | K56: =SUM(K12,K14,K16,K18,K20,K22,K24,K26,K28,K30,K32,K34,K36,K40,K42,K44,K46,K48,K50,K52,K38,K54) -> 1016774.2 | L56: =SUM(L12,L14,L16,L18,L20,L22,L24,L26,L28,L30,L32,L34,L36,L40,L42,L44,L46,L48,L50,L52,L38,L54) -> 1449370.6 | M56: =SUM(M12,M14,M16,M18,M20,M22,M24,M26,M28,M30,M32,M34,M36,M40,M42,M44,M46,M48,M50,M52,M38,M54) -> 1510264.6 | ... Q56: =SUM(Q12,Q14,Q16,Q18,Q20,Q22,Q24,Q26,Q28,Q30,Q32,Q34,Q36,Q40,Q42,Q44,Q46,Q48,Q50,Q52,Q38,Q54) -> 1101510.6 | U56: =SUM(F56:S56) -> 10905981
F57: =F56/$D$56 -> 0.03718302 | G57: =G56/$D$56 -> 0.039129551 | H57: =H56/$D$56 -> 0.056713536 | I57: =I56/$D$56 -> 0.073892834 | J57: =J56/$D$56 -> 0.081664339 | K57: =K56/$D$56 -> 0.093230881 | L57: =L56/$D$56 -> 0.13289686 | M57: =M56/$D$56 -> 0.1384804 | ... Q57: =Q56/$D$56 -> 0.10100059
C58: NOME DO RESPONSÁVEL TÉCNICO
C59: PROFISSÃO E DADOS DO CONSELHO
B63: 1 | C63: =VLOOKUP(B63,B:D,2,FALSE()) -> SERVIÇOS PRELIMINARES E INDIRETOS | D63: =VLOOKUP(B63,B:D,3,FALSE()) -> 541761.49
B64: 2 | C64: =VLOOKUP(B64,B:D,2,FALSE()) -> FUNDAÇÃO | D64: =VLOOKUP(B64,B:D,3,FALSE()) -> 1012449.4
B65: 3 | C65: =VLOOKUP(B65,B:D,2,FALSE()) -> ESTRUTURA | D65: =VLOOKUP(B65,B:D,3,FALSE()) -> 2605036.1
B66: 4 | C66: =VLOOKUP(B66,B:D,2,FALSE()) -> ALVENARIA, VEDAÇÕES E DIVISÓRIAS | D66: =VLOOKUP(B66,B:D,3,FALSE()) -> 571052.95
B67: 5 | C67: =VLOOKUP(B67,B:D,2,FALSE()) -> COBERTURA | D67: =VLOOKUP(B67,B:D,3,FALSE()) -> 707826.4
B68: 6 | C68: =VLOOKUP(B68,B:D,2,FALSE()) -> COMPARTIMENTO RESERVATÓRIO (ALVENARIA E ACABAMENTOS) | D68: =VLOOKUP(B68,B:D,3,FALSE()) -> 17338.07
B69: 7 | C69: =VLOOKUP(B69,B:D,2,FALSE()) -> ESQUADRIAS E GUARDA-CORPOS | D69: =VLOOKUP(B69,B:D,3,FALSE()) -> 754146.81
B70: 8 | C70: =VLOOKUP(B70,B:D,2,FALSE()) -> REVESTIMENTO DE PAREDE | D70: =VLOOKUP(B70,B:D,3,FALSE()) -> 273332.04
B71: 9 | C71: =VLOOKUP(B71,B:D,2,FALSE()) -> REVESTIMENTO DE PISO INTERNO | D71: =VLOOKUP(B71,B:D,3,FALSE()) -> 562686.42
B72: 10 | C72: =VLOOKUP(B72,B:D,2,FALSE()) -> REVESTIMENTO DE PISO EXTERNO | D72: =VLOOKUP(B72,B:D,3,FALSE()) -> 413536.25
B73: 11 | C73: =VLOOKUP(B73,B:D,2,FALSE()) -> REVESTIMENTO DE TETO | D73: =VLOOKUP(B73,B:D,3,FALSE()) -> 200244.31
B74: 12 | C74: =VLOOKUP(B74,B:D,2,FALSE()) -> FACHADA | D74: =VLOOKUP(B74,B:D,3,FALSE()) -> 44220.89
... B84: 22 | C84: =VLOOKUP(B84,B:D,2,FALSE()) -> ATUALIZAÇÃO - PROJETO ELÉTRICO - GPPE | D84: =VLOOKUP(B84,B:D,3,FALSE()) -> 521825.8
C85: TOTAL | D85: =SUM(D63:D84) -> 10905981
